 Dungeon Crawl Stone Soup version 0.22.0 (webtiles) character file.

2701 edsrzf the Covert (level 9, -1/57 HPs)
             Began as a Vampire Fire Elementalist on Aug 10, 2018.
             Slain by a gnoll
             ... wielding a +0 spear
              (3 damage)
             ... in a bailey on Aug 11, 2018.
             The game lasted 00:24:12 (7139 turns).

edsrzf the Covert (Vampire Fire Elementalist)       Turns: 7139, Time: 00:24:12

Health: -1/57      AC:  3    Str: 12    XL:     9   Next: 38%
Magic:  2/16       EV: 13    Int: 20    God:
Gold:   113        SH:  0    Dex: 15    Spells: 5/18 levels left

rFire    + . .     SeeInvis +   a - +0 dagger (pain)
rCold    . . .     Gourm    .   (no shield)
rNeg     . . .     Faith    .   n - +1 robe
rPois    .         Spirit   .   (no helmet)
rElec    .         Reflect  .   (no cloak)
rCorr    +         Harm     +   (no gloves)
MR       .....                  (no boots)
Stlth    ++++......             f - amulet of harm
HPRegen  0.39/turn              l - ring of resist corrosion
MPRegen  0.15/turn              z - ring of protection from fire

@: mighty, very slightly contaminated, regenerating quickly
A: fangs 3, see invisible, unbreathing
a: no special abilities


You were in a bailey.
You were full.

You visited 1 branch of the dungeon, and saw 7 of its levels.
You also visited: Bailey.

You collected 451 gold pieces.
You spent 338 gold pieces at shops.

Inventory:

Hand Weapons
 a - a +0 dagger of pain (weapon)
Missiles
 o - 3 needles of confusion
 s - a throwing net {=f}
Armour
 n - a +1 robe (worn)
Magical Staves
 u - an uncursed staff of summoning
Jewellery
 b - an uncursed amulet of guardian spirit
 f - an amulet of harm (around neck)
 l - a ring of resist corrosion (left hand)
 z - a ring of protection from fire (right hand)
Wands
 y - a wand of flame (15)
Scrolls
 e - a scroll of enchant armour
 h - 4 scrolls of remove curse {@r2}
 i - 3 scrolls of amnesia
 k - a scroll of fog
 t - a scroll of enchant weapon {unknown}
 v - a scroll of teleportation {@r3}
 w - 2 scrolls of fear {unknown}
Potions
 c - a potion of might
 d - a potion of mutation {!q}
 j - 2 potions of curing
 m - a potion of invisibility {unknown}
 p - 2 potions of flight
 q - a potion of heal wounds
 r - a potion of haste {unknown}
 x - a potion of lignification


   Skills:
 + Level 0.0 Short Blades
 - Level 2.1 Dodging
 + Level 8.6 Stealth
 - Level 5.0 Spellcasting
 + Level 5.9 Conjurations
 + Level 6.5 Fire Magic


You had 5 spell levels left.
You knew the following spells:

 Your Spells              Type           Power        Failure   Level  Hunger
f - Conjure Flame         Conj/Fire      ####....     2%          3    ##.....
t - Sticky Flame          Conj/Fire      ####....     9%          4    ####...
F - Fireball              Conj/Fire      ####......   24%         5    #####..
X - Flame Tongue          Conj/Fire      ####.        1%          1    None

Your spell library contained the following spells:

 Spells                   Type           Power        Failure   Level  Hunger
 Throw Flame              Conj/Fire      ####..       1%          2    None
 Throw Frost              Conj/Ice       ###...       5%          2    None
 Freeze                   Ice            #...         12%         1    None
 Summon Ice Beast         Ice/Summ       #.......     75%         4    ####...
 Ozocubu's Armour         Chrm/Ice       #.......     34%         3    ##.....
 Throw Icicle             Conj/Ice       ###.....     34%         4    ####...
 Inner Flame              Hex/Fire       ###.....     9%          3    ##.....


Dungeon Overview and Level Annotations

Branches:
Dungeon (6/15)
 Temple: D:4-7

Altars:
Elyvilon
Makhleb
Okawaru
Trog
Uskayaw
The Shining One

Shops:
D:4 }   D:5 %:*%   D:6 !

Annotations:
D:3 Ijyb, Terence
D:5 1 runed door


Innate Abilities, Weirdness & Mutations

Your natural rate of healing is unusually fast.
You have razor-sharp teeth.
You have supernaturally acute eyesight. (SInv)
You can survive without breathing.


Message History

Casting: Flame Tongue (safe; 1% risk of failure)
Confirm with . or Enter, or press ? or * to list all spells.
Aiming: Flame Tongue (safe; 1% risk of failure)
Press: ? - help, Shift-Dir - straight line, f/p - gnoll sergeant
Aim: a gnoll sergeant, wielding a halberd and wearing a chain mail (heavily wounded, fast)
The flame tongue hits the gnoll sergeant.
The gnoll sergeant appears unharmed.
The gnoll sergeant is heavily wounded.
Casting: Flame Tongue (safe; 1% risk of failure)
Confirm with . or Enter, or press ? or * to list all spells.
Aiming: Flame Tongue (safe; 1% risk of failure)
Press: ? - help, Shift-Dir - straight line, f/p - gnoll sergeant
Aim: a gnoll sergeant, wielding a halberd and wearing a chain mail (heavily wounded, fast)
The flame tongue hits the gnoll sergeant.
The gnoll sergeant is almost dead.
Casting: Flame Tongue (safe; 1% risk of failure)
Confirm with . or Enter, or press ? or * to list all spells.
Aiming: Flame Tongue (safe; 1% risk of failure)
Press: ? - help, Shift-Dir - straight line, f/p - gnoll sergeant
Aim: a gnoll sergeant, wielding a halberd and wearing a chain mail (almost dead, fast)
The flame tongue hits the gnoll sergeant.
The gnoll sergeant is almost dead.
Casting: Flame Tongue (safe; 1% risk of failure)
Confirm with . or Enter, or press ? or * to list all spells.
Aiming: Flame Tongue (safe; 1% risk of failure)
Press: ? - help, Shift-Dir - straight line, f/p - gnoll sergeant
Aim: a gnoll sergeant, wielding a halberd and wearing a chain mail (almost dead, fast)
The flame tongue hits the gnoll sergeant.
The gnoll sergeant appears unharmed.
The gnoll sergeant is almost dead.
Casting: Flame Tongue (safe; 1% risk of failure)
Confirm with . or Enter, or press ? or * to list all spells.
Aiming: Flame Tongue (safe; 1% risk of failure)
Press: ? - help, Shift-Dir - straight line, f/p - gnoll sergeant
Aim: a gnoll sergeant, wielding a halberd and wearing a chain mail (almost dead, fast)
The flame tongue hits the gnoll sergeant.
You kill the gnoll sergeant!
Press: ? - help, v - describe, . - travel, g - get item
Here: a gnoll sergeant, wielding a halberd and wearing a chain mail (fast)
A halberd.
There is something else lying underneath.
The floor, spattered with blood.
Unknown command.
Press: ? - help, v - describe, . - travel, g - get item
Here: a gnoll sergeant, wielding a halberd and wearing a chain mail (fast)
A halberd.
There is something else lying underneath.
The floor, spattered with blood.
Unknown command.
Fire/throw which item? (* to show all) (? for menu, Esc to quit)
Press: ? - help, Shift-Dir - straight line, f - gnoll sergeant
Aim: a gnoll sergeant, wielding a halberd and wearing a chain mail (fast)
You throw a throwing net {=f}.
The throwing net {=f} hits the gnoll sergeant.
The gnoll sergeant is caught in the net!
The gnoll sergeant struggles against the net.
The gnoll hits you from afar with a spear.
The gnoll sergeant struggles against the net.
The gnoll misses you.
The gnoll hits you from afar with a halberd!
You catch the helpless gnoll sergeant completely off-guard!
You puncture the gnoll sergeant!
The gnoll sergeant is heavily wounded.
The gnoll sergeant struggles against the net.
The gnoll misses you. The gnoll shaman barely misses you.
You barely miss the gnoll sergeant.
The gnoll sergeant is heavily wounded.
The gnoll completely misses you.
The gnoll sergeant struggles against the net.
The net rips apart, and the gnoll sergeant comes free!
The gnoll barely misses you. The gnoll hits you but does no damage.
The gnoll sergeant barely misses you. The gnoll shaman closely misses you.
Press: ? - help, . - travel You can't see that place. [a tree.]
You feel much better. The gnoll barely misses you. The gnoll misses you.
The gnoll sergeant hits you with a halberd!!
The gnoll shaman completely misses you.
Evoke which item? (* to show all) (? for menu, Esc to quit)
Okay, then.
Press: ? - help, v - describe, . - travel, g - get item
Here: a gnoll sergeant, wielding a halberd and wearing a chain mail (heavily wounded, fast)
A halberd.
There is something else lying underneath.
The floor, spattered with blood.
Unknown command.
Evoke which item? (* to show all) (? for menu, Esc to quit)
Okay, then.
Okay, then.
Casting: Flame Tongue (safe; 1% risk of failure)
Confirm with . or Enter, or press ? or * to list all spells.
Okay, then.
It was a potion of might.
You feel very mighty all of a sudden.
The gnoll hits you from afar with a spear.
The gnoll sergeant hits you with a halberd.
The gnoll hits you from afar with a halberd!
* * * LOW HITPOINT WARNING * * *
The gnoll hits you from afar with a spear.
You die...

### ♣∩♣ ♣@♣ ♣♣g♣♣
♣♣ggg♣♣♣♣
♣♣♣♣.......♣♣
♣♣♣...........♣♣♣
♣♣...............♣♣
♣♣≈≈≈≈≈≈≈...≈≈≈≈≈≈≈♣♣
♣≈≈...............≈≈♣
♣≈........g........≈♣


You could see a gnoll sergeant, a gnoll shaman and 2 gnolls.

Vanquished Creatures
  Pikel (D:6)
  Menkaure (D:6)
  A sky beast (D:6)
  2 phantoms
  7 ogres
  A centaur (D:5)
  2 bullfrogs
  A gnoll sergeant (Bailey)
  A scorpion (D:5)
  A howler monkey (D:4)
  A jelly (D:8)
  3 hounds
  A centaur skeleton (D:5)
  A gnoll shaman (D:5)
  2 orc priests
  6 orc wizards
  2 bullfrog skeletons
  Jessica (D:2)
  5 worker ants
  A killer bee zombie (D:5)
  A hound skeleton (D:4)
  A worker ant zombie (D:6)
  6 gnolls
  7 adders
  A shadow imp (D:8)
  3 oozes
  An adder skeleton (D:5)
  3 worms
  A leopard gecko (D:4)
  21 orcs
  7 giant cockroaches
  9 goblins
  6 hobgoblins
  11 jackals
  3 quokkas
  3 bats
  5 frilled lizards
  5 kobolds
  7 rats
142 creatures vanquished.

Vanquished Creatures (others)
  A bullfrog (D:6)
  A crimson imp (D:6)
  5 fungi (D:5)
7 creatures vanquished.

Grand Total: 149 creatures vanquished

Notes
Turn   | Place    | Note
-------+----------+-------------------------------------------
     0 | D:1      | edsrzf the Vampire Fire Elementalist began the quest for the Orb.
     0 | D:1      | Reached XP level 1. HP: 13/13 MP: 3/3
   372 | D:1      | Reached skill level 1 in Conjurations
   650 | D:1      | Reached XP level 2. HP: 19/19 MP: 1/5
   850 | D:1      | Reached skill level 2 in Conjurations
  1031 | D:1      | Identified 2 scrolls of identify
  1031 | D:1      | Identified a potion of mutation
  1032 | D:1      | Identified 2 potions of curing
  1065 | D:2      | Reached XP level 3. HP: 15/24 MP: 0/6
  1184 | D:2      | Found a hide-covered altar of Uskayaw.
  1270 | D:2      | Noticed Jessica
  1347 | D:2      | Killed Jessica
  1349 | D:2      | Reached XP level 4. HP: 22/30 MP: 0/7
  2337 | D:3      | Noticed Ijyb
  2386 | D:3      | Learned a level 3 spell: Conjure Flame
  2512 | D:3      | Noticed Terence
  2655 | D:3      | Reached skill level 3 in Fire Magic
  2942 | D:4      | Reached XP level 5. HP: 28/35 MP: 3/9
  3017 | D:4      | Noticed an ogre
  3041 | D:5      | Entered Level 5 of the Dungeon
  3047 | D:5      | Identified 3 scrolls of remove curse
  3048 | D:5      | Identified 2 scrolls of amnesia
  3049 | D:5      | Identified 2 scrolls of fog
  3050 | D:5      | Identified a scroll of magic mapping
  3051 | D:5      | Identified a scroll of blinking
  3052 | D:5      | Identified a scroll of enchant armour
  3053 | D:5      | Identified a scroll of teleportation
  3060 | D:5      | Noticed an ogre
  3073 | D:5      | Found Fetwoh's Food Shoppe.
  3078 | D:5      | Found Eseof's Assorted Antiques.
  3079 | D:5      | Found Heotiaf's Book Shoppe.
  3079 | D:5      | Found Lasuurem's Food Shoppe.
  3085 | D:5      | Reached skill level 3 in Spellcasting
  3122 | D:4      | Found Muxial's Gadget Emporium.
  3173 | D:4      | Identified 2 potions of ambrosia
  3304 | D:4      | Reached skill level 3 in Conjurations
  3372 | D:4      | Noticed a phantom
  3462 | D:4      | Noticed an ogre
  3469 | D:4      | Killed an ogre
  3469 | D:4      | Reached XP level 6. HP: 41/41 MP: 0/11
  4401 | D:4      | Reached skill level 4 in Spellcasting
  4401 | D:4      | Reached skill level 4 in Fire Magic
  4401 | D:4      | Reached XP level 7. HP: 32/46 MP: 2/13
  4766 | D:5      | Reached skill level 4 in Conjurations
  4861 | D:5      | Identified 2 potions of flight
  5002 | D:5      | Bought a steel ring for 115 gold pieces
  5002 | D:5      | Bought a runed dagger for 115 gold pieces
  5184 | D:5      | Reached skill level 5 in Spellcasting
  5238 | D:5      | Reached XP level 8. HP: 26/52 MP: 2/15
  5440 | D:4      | Reached skill level 4 in Stealth
  5440 | D:4      | Reached skill level 5 in Fire Magic
  5529 | D:5      | Found a white marble altar of Elyvilon.
  5579 | D:5      | Found a burning altar of Makhleb.
  5579 | D:5      | Noticed a green death
  5582 | D:5      | Noticed a smoke demon
  5658 | D:5      | Found a runed door.
  5659 | D:5      | Found a glowing golden altar of the Shining One.
  5659 | D:5      | Noticed an angel
  5812 | D:5      | Found an iron altar of Okawaru.
  5813 | D:5      | Found a bloodstained altar of Trog.
  5851 | D:5      | Reached skill level 5 in Stealth
  5972 | D:6      | Found Ajivif's Distillery.
  5980 | D:6      | Bought a potion of heal wounds for 60 gold pieces
  5980 | D:6      | Bought a potion of lignification for 36 gold pieces
  5980 | D:6      | Bought a potion of degeneration for 12 gold pieces
  6134 | D:6      | Noticed Pikel
  6235 | D:6      | Reached skill level 5 in Conjurations
  6274 | D:6      | Noticed Menkaure
  6277 | D:6      | Killed Menkaure
  6277 | D:6      | Reached skill level 6 in Stealth
  6299 | D:6      | Killed Pikel
  6299 | D:6      | Reached skill level 7 in Stealth
  6299 | D:6      | Reached skill level 6 in Fire Magic
  6299 | D:6      | Reached XP level 9. HP: 31/57 MP: 3/16
  6716 | D:6      | You fall through a shaft for 2 floors!
  6722 | D:8      | Reached skill level 8 in Stealth
  6818 | D:8      | Learned a level 4 spell: Sticky Flame
  6856 | D:8      | Found a flagged portal.
  6863 | Bailey   | Entered a bailey
  6906 | Bailey   | Learned a level 5 spell: Fireball
  7139 | Bailey   | Identified 2 potions of might
  7139 | Bailey   | HP: 2/57 [gnoll/halberd (16)]
  7139 | Bailey   | Slain by a gnoll

Skill      XL: |  1  2  3  4  5  6  7  8  9 |
---------------+----------------------------+-----
Conjurations   | 1 2 3 4 5 |  5.9
Fire Magic     | 3 4 6 |  6.5
Spellcasting   | 3 4 5 |  5.0
Stealth        | 7 8 |  8.6
Dodging        | |  2.1

Action                   |  1- 3 |  4- 6 |  7- 9 || total
-------------------------+-------+-------+-------++-------
Melee: Unarmed           |    17 |     6 |       ||    23
       Bite              |     2 |     2 |     5 ||     9
       Staff             |       |    22 |       ||    22
       Dagger            |       |       |    52 ||    52
Throw: Throwing net      |       |       |     1 ||     1
 Cast: Flame Tongue      |    51 |   131 |   244 ||   426
       Conjure Flame     |       |     7 |     7 ||    14
  Use: Scroll            |     2 |     7 |     2 ||    11
       Potion            |       |     5 |     3 ||     8
 Stab: Sleeping          |       |       |     1 ||     1
       Held in net/web   |       |       |     1 ||     1
  Eat: Corpse            |     8 |     8 |    13 ||    29
Armor: Robe              |     7 |    21 |    11 ||    39
Dodge: Dodged            |    27 |    57 |    93 ||   177
